Map: 이페머론 - 래더

Players

LiquidTaeJa (TaeJa)

  • Race: Terran Terran
  • League: Master
  • Spawn Location: 11:00

TSGSolar (Solar) - Winner!

  • Race: Zerg Zerg
  • League: Diamond
  • Spawn Location: 5:00

Event: HomeStory Cup XX

VOD

Have the link to the VOD?

Description

Time

  • Played on: Nov. 21, 2019, 8:16 a.m.
  • Length: 11:34

All games in this series

Show
View Real Time Build Order
Export as new Build Order

LiquidTaeJa Terran 

Build Orders: Liberator Opening, Mech 

Get SALT Encoding   

  12  0:00  SCV  
  13  0:12  SCV  
  14  0:17  Supply Depot  
  14  0:24  SCV  
  15  0:38  SCV  
  15  0:40  Barracks  
  16  0:44  Refinery  
  16  0:50  SCV  
  17  1:02  SCV  
  18  1:15  SCV  
  19  1:27  Marine, Orbital Command  
  20  1:38  Command Center  
  20  1:45  Marine  
  21  1:52  Factory  
  21  1:56  SCV  
  22  2:06  Barracks Reactor  
  22  2:08  Supply Depot  
  22  2:09  SCV  
  23  2:20  Refinery  
  23  2:29  SCV  
  24  2:41  SCV  
  24  2:42  Starport  
  25  2:46  Hellion x2  
  25  2:49  Marine  
  25  2:50  Orbital Command  
  30  2:55  SCV  
  31  3:07  Marine, Hellion x2  
  36  3:17  SCV  
  36  3:18  Medivac  
  39  3:29  Hellion x2  
  39  3:32  Armory  
  43  3:37  Supply Depot  
  43  3:41  Liberator  
  44  3:42  SCV x2  
  45  3:58  Hellion x2  
  45  3:59  SCV x2  
  54  4:03  Barracks Tech Lab  
  54  4:07  Supply Depot  
  54  4:28  SCV x2  
  54  4:29  Hellion x2  
  53  4:40  SCV x2  
  43  4:53  SCV x2  
  43  4:56  Command Center  
  44  5:00  Marine  
  44  5:01  Marine, Siege Tank  
  44  5:03  Starport Reactor  
  44  5:05  SCV x2  
  51  5:08  Bunker  
  49  5:17  SCV x2  
  49  5:18  Marine  
  49  5:19  Marine  
  46  5:29  SCV x2  
  46  5:33  Siege Tank  
  48  5:36  Marine  
  48  5:37  Marine  
  48  5:41  SCV  
  48  5:42  Orbital Command  
  49  5:52  Command Center  
  49  5:53  SCV  
  49  5:54  Marine x2  
  52  6:00  Terran Vehicle Weapons Level 1  
  52  6:04  Supply Depot  
  52  6:05  SCV  
  52  6:09  SCV  
  52  6:11  Orbital Command  
  54  6:17  SCV  
  55  6:21  SCV  
  56  6:29  SCV  
  56  6:31  Siege Tank  
  60  6:33  SCV  
  60  6:36  Refinery  
  60  6:37  Refinery, Supply Depot  
  60  6:38  Bunker, SCV  
  62  6:41  SCV  
  62  6:43  Factory  
  62  6:44  Barracks Tech Lab  
  62  6:46  Factory  
  63  6:47  Armory  
  63  6:48  SCV  
  63  6:50  SCV  
  65  6:55  SCV  
  65  7:01  Supply Depot  
  66  7:02  Supply Depot, SCV x2  
  66  7:04  Orbital Command, Siege Tank  
  66  7:07  SCV  
  72  7:11  Engineering Bay  
  72  7:15  SCV x2  
  74  7:20  SCV  
  75  7:24  Supply Depot  
  75  7:26  Orbital Command  
  75  7:27  SCV  
  75  7:31  Hellion x2  
  75  7:33  Refinery  
  75  7:34  Terran Vehicle And Ship Armor Level 1, SCV  
  75  7:35  SCV  
  75  7:36  Refinery, Siege Tank  
  84  7:38  Hellion, Infernal Pre-Igniter  
  84  7:39  SCV  
  87  7:44  Supply Depot  
  87  7:45  Supply Depot  
  87  7:47  SCV x2  
  88  7:56  SCV x2  
  88  7:58  Hellion x2  
  91  7:59  Siege Tank  
  93  8:08  Hellion  
  93  8:12  SCV x4  
  95  8:19  Hellion  
  93  8:22  Factory x2  
  86  8:29  SCV x3  
  89  8:34  Missile Turret, Siege Tank  
  89  8:35  Sensor Tower, Siege Tank  
  89  8:36  Hellion  
  97  8:44  Hellion  
  99  8:49  SCV x2  
  101  8:55  Command Center  
  101  8:56  Liberator  
  101  8:57  Hellion  
  100  9:10  Factory Tech Lab, Factory Reactor, Armory  
  100  9:12  Siege Tank x2  
  109  9:20  Hellion  
  109  9:21  Hellion  
  109  9:24  Missile Turret  
  113  9:25  Missile Turret  
  113  9:31  Missile Turret  
  113  9:33  Siege Tank  
  113  9:34  Missile Turret  
  116  9:42  Hellion x2  
  116  9:44  Siege Tank  
  96  9:54  Hellion x2  
  96  9:55  Siege Tank  
  99  10:12  Hellion x2  
  99  10:13  Siege Tank  
  103  10:19  Siege Tank  
  103  10:20  Hellion x2  
  110  10:27  Siege Tank  
  113  10:33  Hellion x2  
  116  10:41  Hellion x2  
  118  10:45  Siege Tank  
  113  10:50  Armory  
  113  10:51  Siege Tank  
  113  10:54  Hellion  
  113  10:55  Hellion  
  120  10:59  Siege Tank  
  120  11:02  Hellion  
  120  11:03  Hellion  
  128  11:04  SCV x3  
  128  11:05  SCV  
  131  11:16  Refinery  
  128  11:21  Missile Turret  
  127  11:28  Refinery  
Show
View Real Time Build Order
Export as new Build Order

TSGSolar Zerg - Winner!

Build Orders: Hatch First, Swarm Host 

Get SALT Encoding   

  12  0:01  Drone  
  13  0:11  Overlord  
  13  0:17  Drone  
  14  0:30  Drone x2  
  16  0:48  Hatchery  
  15  0:51  Drone  
  15  0:55  Drone  
  17  0:58  Drone  
  18  1:09  Extractor  
  17  1:13  Spawning Pool  
  17  1:17  Drone  
  17  1:20  Drone  
  18  1:27  Drone  
  19  1:38  Drone  
  20  1:48  Overlord  
  20  2:00  Zergling x2, Queen x2  
  20  2:01  Zergling x2  
  26  2:11  Drone x2  
  28  2:26  Hatchery  
  28  2:28  Metabolic Boost  
  27  2:32  Drone  
  27  2:35  Drone  
  29  2:37  Drone  
  30  2:45  Queen  
  30  2:49  Overlord  
  32  2:54  Drone  
  32  2:55  Drone  
  34  2:59  Drone  
  34  3:00  Drone  
  36  3:10  Drone x4  
  40  3:14  Drone  
  40  3:16  Zergling x2  
  42  3:20  Overlord  
  42  3:24  Queen  
  44  3:31  Overlord  
  43  3:39  Drone  
  43  3:40  Zergling x4, Drone  
  43  3:41  Roach Warren  
  46  3:42  Drone  
  46  3:46  Queen  
  49  3:49  Zergling x2  
  49  3:51  Drone x2  
  49  3:53  Drone  
  53  3:55  Zergling x2  
  53  3:56  Zergling x2  
  53  3:59  Extractor, Drone  
  53  4:00  Drone  
  56  4:03  Overlord  
  56  4:16  Spine Crawler  
  55  4:20  Roach x5  
  55  4:22  Roach  
  69  4:24  Roach  
  67  4:34  Roach  
  62  4:38  Zergling x12  
  67  4:50  Drone  
  67  4:51  Drone x3  
  73  5:02  Overlord  
  73  5:05  Spore Crawler, Queen  
  72  5:07  Lair  
  72  5:11  Spore Crawler  
  72  5:13  Drone x3  
  74  5:16  Overlord  
  74  5:20  Drone x2  
  72  5:23  Overlord  
  72  5:27  Drone x2, Roach  
  72  5:28  Overlord  
  73  5:29  Overlord  
  73  5:31  Drone  
  73  5:33  Drone  
  73  5:34  Drone  
  74  5:37  Drone  
  74  5:38  Drone x2  
  77  5:43  Ravager, Drone x2  
  77  5:47  Drone x2  
  77  5:49  Ravager  
  78  5:50  Drone  
  78  5:53  Drone x2  
  78  5:55  Extractor  
  80  5:57  Extractor, Evolution Chamber  
  80  5:59  Extractor, Queen, Drone, Evolution Chamber  
  80  6:01  Drone  
  80  6:02  Drone  
  81  6:06  Drone  
  81  6:08  Drone  
  83  6:13  Glial Reconstitution  
  83  6:15  Drone  
  83  6:17  Overseer  
  84  6:21  Extractor  
  84  6:22  Drone x3  
  84  6:24  Queen  
  88  6:30  Drone  
  88  6:31  Drone x2  
  91  6:32  Overlord  
  91  6:33  Drone x3  
  91  6:38  Zerg Missile Weapons Level 1  
  94  6:40  Zerg Ground Armor Level 1  
  94  6:42  Drone  
  95  6:48  Hatchery, Roach x3  
  95  6:49  Overlord  
  100  6:55  Overlord  
  100  6:58  Hydralisk Den  
  100  6:59  Drone x3  
  100  7:00  Infestation Pit, Drone  
  102  7:05  Roach  
  102  7:06  Roach x2  
  102  7:07  Drone x2  
  110  7:13  Overlord  
  110  7:17  Roach  
  110  7:18  Roach x4  
  110  7:20  Overlord  
  110  7:21  Roach  
  121  7:31  Drone x7  
  121  7:32  Extractor  
  121  7:34  Extractor  
  121  7:35  Overlord  
  121  7:36  Nydus Network  
  125  7:39  Swarm Host x2  
  125  7:41  Swarm Host  
  125  7:43  Swarm Host  
  137  7:46  Swarm Host  
  137  7:48  Ravager  
  137  7:49  Zergling x6  
  137  7:50  Zergling x2  
  145  7:57  Swarm Host x2  
  149  8:02  Swarm Host  
  149  8:04  Overlord  
  149  8:05  Overlord  
  152  8:08  Ravager, Overlord  
  152  8:11  Roach x3  
  145  8:13  Roach x2  
  145  8:16  Queen  
  145  8:18  Ravager  
  150  8:21  Roach x2  
  150  8:22  Overlord  
  148  8:29  Nydus Canal, Swarm Host  
  148  8:31  Drone x4  
  153  8:34  Swarm Host  
  153  8:38  Swarm Host  
  153  8:40  Zergling x12  
  165  8:43  Swarm Host  
  165  8:45  Nydus Canal  
  165  8:48  Swarm Host  
  168  8:49  Overlord  
  168  8:52  Swarm Host  
  172  8:57  Swarm Host  
  172  8:58  Overlord  
  172  9:01  Roach  
  172  9:02  Roach x3  
  183  9:05  Swarm Host  
  183  9:07  Roach x2  
  190  9:10  Swarm Host  
  192  9:17  Spine Crawler  
  192  9:22  Burrow  
  191  9:26  Tunneling Claws  
  191  9:29  Hatchery  
  189  9:41  Drone x3  
  189  9:42  Hive  
  189  9:47  Roach x2  
  189  9:48  Roach x3  
  199  9:58  Spire  
  195  10:00  Drone x3  
  195  10:01  Drone  
  195  10:02  Drone x2  
  191  10:11  Nydus Canal  
  191  10:13  Grooved Spines  
  191  10:16  Ravager, Roach x2  
  191  10:17  Roach x2  
  200  10:37  Spine Crawler  
  197  10:43  Drone x3  
  200  11:01  Roach x2  
  200  11:02  Roach x2  
  200  11:03  Roach x2  
  200  11:04  Roach x3  
  199  11:05  Roach  
  199  11:06  Extractor  
  199  11:07  Extractor  
  199  11:08  Lurker Den  
  196  11:12  Roach x2  
  195  11:32  Nydus Canal  
Tags
 
Add a new tag
Caveats
  • Supply blocks, unpowered buildings, or Contaminate may cause inaccurate times.
  • Supply counts are checked every 10 seconds.